 Dungeon Crawl Stone Soup version 0.29-a0-1019-g84f7d21838 (webtiles) character file.

Game seed: 4337576812281066855

182 Mesmaeker13 the Insei (level 5, -2/33 HPs)
             Began as an Octopode Transmuter on Aug 10, 2022.
             Slain by a scorpion (4 damage)
             ... on level 4 of the Dungeon.
             The game lasted 00:03:19 (3061 turns).

Mesmaeker13 the Insei (Octopode Transmuter)         Turns: 3061, Time: 00:03:19

Health: -2/33      AC:  1    Str:  9    XL:     5   Next: 62%
Magic:  7/9        EV: 13    Int: 17    God:
Gold:   174        SH:  0    Dex: 13    Spells: 4/10 levels left

rFire   . . .      SeeInvis .     - Unarmed
rCold   + . .      Faith    .   (no shield)
rNeg    . . .      Spirit   .   (helmet restricted)
rPois   .          Reflect  .   (no amulet)
rElec   .          Harm     .   e - ring of resist corrosion
rCorr   +          Rampage  .   h - ring of protection from cold
Will    .....                   (no ring)
Stlth   ++........              (no ring)
HPRegen 0.11/turn               (no ring)
MPRegen 0.11/turn               (no ring)
                                (no ring)
                                (no ring)

@: lethally poisoned (-2 -> -12)
A: almost no armour, amphibious, 8 rings, camouflage 1, gelatinous body 1,
(nimble swimmer 1), tentacles
a: no special abilities


You were on level 4 of the Dungeon.
You visited 1 branch of the dungeon, and saw 4 of its levels.

You collected 174 gold pieces.

Inventory:

Magical Staves
 p - a staff of cold
Jewellery
 e - a ring of resist corrosion (left tentacle)
 h - a ring of protection from cold (right tentacle)
Wands
 k - a wand of iceblast (2)
Scrolls
 d - a scroll of poison {unknown}
 i - a scroll of summoning {unknown}
 n - 2 scrolls of enchant weapon
Potions
 a - 3 potions of lignification
 b - a potion of brilliance
 c - a potion of might {unknown}
 f - 4 potions of curing
 g - a potion of haste {unknown}
 j - a potion of cancellation {unknown}
 l - 2 potions of heal wounds {unknown}
 m - a potion of ambrosia {unknown}
 o - a potion of degeneration {unknown}


   Skills:
 - Level 1.0 Fighting
 - Level 2.0 Dodging
 + Level 4.2 Unarmed Combat
 - Level 3.0 Spellcasting
 + Level 3.5 Transmutations
 + Level 2.2 Poison Magic


You had 4 spell levels left.
You knew the following spells:

 Your Spells              Type           Power      Damage    Failure   Level
a - Beastly Appendage     Tmut           28%        N/A       4%          1
b - Wereblood             Tmut           14%        N/A       6%          2
c - Spider Form           Tmut/Pois      12%        N/A       16%         3

Your spell library contained the following spells:

 Spells                   Type           Power      Damage    Failure   Level
 Shock                    Conj/Air       8%         1d3       17%         1
 Static Discharge         Conj/Air       2%         3-4/arc   26%         2
 Tukima's Dance           Hex            2%         N/A       45%         3
 Ice Form                 Ice/Tmut       8%         N/A       63%         4
 Dispel Undead            Necr           2%         3d7       86%         4
 Sticky Flame             Conj/Fire      2%         2d3       86%         4
 Metabolic Englaciation   Hex/Ice        1%         N/A       99%         5
 Silence                  Hex/Air        1%         N/A       99%         5
 Conjure Ball Lightning   Conj/Air       1%         3x3d6     100%        6


Dungeon Overview and Level Annotations

Branches:
Dungeon (4/15)
 Temple: D:4-7

Altars:

Annotations:
D:2 Sigmund


Innate Abilities, Weirdness & Mutations

You cannot wear most types of armour.
You are amphibious.
You can wear up to eight rings at the same time.
Your skin changes colour to match your surroundings (Stealth+).
Your rubbery body absorbs attacks. (AC +1, EV +1)
((You are camouflaged when in or above water. (Stealth+)))
You have tentacles for arms and can constrict up to eight enemies at once.


Message History

You barely miss the scorpion. Your grab misses the scorpion.
Your tentacle spike misses the scorpion.
The scorpion misses you.
You closely miss the scorpion. Your grab misses the scorpion.
You pierce the scorpion, but do no damage.
Your tentacle spike disappears.
The scorpion stings you.
You are poisoned.
The scorpion poisons you!
You closely miss the scorpion. Your grab misses the scorpion.
You feel very sick. The scorpion stings you.
You tentacle-slap the scorpion. You grab the scorpion.
The scorpion is lightly wounded.
You constrict the scorpion.
You feel sick. The scorpion completely misses you.
You tentacle-slap the scorpion but do no damage.
The scorpion is lightly wounded.
You constrict the scorpion, but do no damage.
You feel sick. The scorpion stings you.
You are lethally poisoned!
The scorpion poisons you!
You tentacle-slap the scorpion.
The scorpion is moderately wounded.
You constrict the scorpion, but do no damage.
You feel very sick. The scorpion stings you.
* * * LOW HITPOINT WARNING * * *
You tentacle-slap the scorpion but do no damage.
The scorpion is moderately wounded.
You constrict the scorpion.
* * * LOW HITPOINT WARNING * * *
You feel very sick. The scorpion barely misses you.
The scorpion closely misses you.
You tentacle-slap the scorpion but do no damage.
The scorpion is moderately wounded.
You constrict the scorpion.
* * * LOW HITPOINT WARNING * * *
You feel very sick. The scorpion stings you.
You die...

#............#.....[..
############.#.#######
. #.#.# # .# #.#.# #s
#.#.# #. #.#.# #.
#.#.#
.#####.########.#.#
.......s@.........#
###############.###
#.#########
#.##...).##
#........#.
###......#.
.........##.
####.....##. #.....#..


You could see a scorpion.

Vanquished Creatures
  An iguana (D:3)
  An orc wizard (D:3)
  7 adders
  2 dart slugs (D:1)
  3 orcs
  5 ball pythons
  5 bats
  6 endoplasms
  4 giant cockroaches
  4 goblins
  3 hobgoblins
  5 jackals
  2 quokkas (D:3)
  5 frilled lizards
  3 kobolds
  5 rats
61 creatures vanquished.

Notes
Turn   | Place    | Note
-------+----------+-------------------------------------------
     0 | D:1      | Mesmaeker13 the Octopode Transmuter began the quest for the
                  | Orb.
     0 | D:1      | Reached XP level 1. HP: 13/13 MP: 3/3
   451 | D:1      | Reached XP level 2. HP: 16/18 MP: 3/5
  1127 | D:1      | Reached XP level 3. HP: 15/23 MP: 4/6
  1130 | D:1      | Learned a level 2 spell: Wereblood
  1721 | D:2      | Noticed Sigmund
  1748 | D:3      | Found the +18 Lear's hauberk
  1838 | D:3      | Learned a level 3 spell: Spider Form
  1960 | D:3      | Reached XP level 4. HP: 21/28 MP: 8/8
  2224 | D:3      | Reached skill level 1 in Poison Magic
  2469 | D:3      | Reached XP level 5. HP: 33/33 MP: 5/9
  2534 | D:3      | Reached skill level 4 in Unarmed Combat
  2736 | D:3      | Got the Collected Works on Gusty Interference
  3061 | D:4      | Slain by a scorpion

Illustrated notes

Levels and vault maps discovered:
D:1:      psy_arrival_statuary, layout_loops_ring, minivault_5, minmay_3d_cube
D:2:      layout_rooms, chequers_ecumenical_altar_simple, uniq_sigmund,
          uniq_crazy_yiuf_cottage
D:3:      minmay_chambers_of_twos, layout_basic, kennysheep_generic_room_5
D:4:      old_forge, layout_loops_ring, grunt_ministairs_3

Skill      XL: |  1  2  3  4  5 |
---------------+----------------+-----
Spellcasting   | 3 |  3.0
Transmutations | 3 |  3.5
Poison Magic   | 1 2 |  2.2
Unarmed Combat | 4 |  4.2
Fighting       | |  1.0
Dodging        | |  2.0

Action                   |  1- 3 |  4- 6 || total
-------------------------+-------+-------++-------
Melee: Unarmed           |    89 |    66 ||   155
       Constrict         |    23 |    16 ||    39
       Kick              |    25 |    15 ||    40
       Tentacles         |    10 |     7 ||    17
       Punch             |     3 |       ||     3
 Cast: Beastly Appendage |    27 |    10 ||    37
       Wereblood         |     1 |     2 ||     3
       Spider Form       |       |     2 ||     2
  Use: Scroll            |       |     3 ||     3
 Stab: Sleeping          |     9 |     3 ||    12
Armor: Skin              |    23 |     8 ||    31
Dodge: Dodged            |    82 |    35 ||   117

Table legend: (Time is in decaauts)
 A = Elapsed time spent in this place.
 B = Non-inter-level travel time spent in this place.
 C = Inter-level travel time spent in this place.
 D = Time resting spent in this place.
 E = Time spent auto-exploring this place.
 F = Levels seen in this place.
 G = Mean time per level.
                   A        B        C        D        E       F      G
               +--------+--------+--------+--------+--------+-----+--------+
         Total |   3048 |   3021 |     27 |    165 |   2295 |   4 |  762.0 |
       Dungeon |   3048 |   3021 |     27 |    165 |   2295 |   4 |  762.0 |
               +--------+--------+--------+--------+--------+-----+--------+

Top non-repeatable levels by time:
     D:1: 1288 daAuts
     D:3: 1124 daAuts
     D:2: 455 daAuts
     D:4: 180 daAuts
